 Dungeon Crawl Stone Soup version 0.19-a0-835-gf140595 (webtiles) character file.

4 Implojin the Shield-Bearer (level 1, 0/19 HPs)
             Began as a Minotaur Fighter on June 30, 2016.
             Slain by a howler monkey (5 damage)
             ... on level 3 of the Dungeon.
             The game lasted 00:00:26 (71 turns).

Implojin the Shield-Bearer (Minotaur Fighter)         Turns: 71, Time: 00:00:27

Health: 0/19       AC:  6    Str: 20    XL:     1   Next: 58%
Magic:  0/0        EV:  7    Int:  5    God:
Gold:   0          SH:  9    Dex:  9    Spells: 0 memorised, 0 levels left

rFire  . . .     SeeInvis .     a - +0 long sword
rCold  . . .     Gourm    .     b - +0 scale mail
rNeg   . . .     Faith    .     c - +0 shield
rPois  .         Spirit   .     (helmet restricted)
rElec  .         Dismiss  .     (no cloak)
rCorr  .         Reflect  .     (no gloves)
SustAt .         Harm     .     (no boots)
MR     .....                    e - amulet of inaccuracy (curse)
Stlth  ..........               (no ring)
                                (no ring)

@: not resistant to hostile enchantments, extremely unstealthy
A: retaliatory headbutt, horns 2
a: no special abilities


You were on level 3 of the Dungeon.
You were not hungry.

You visited 1 branch of the dungeon, and saw 4 of its levels.

Inventory:

Hand Weapons
 a - a +0 long sword (weapon)
Armour
 b - a +0 scale mail (worn)
 c - a +0 shield (worn)
Jewellery
 e - a cursed amulet of inaccuracy (around neck)
Scrolls
 g - a scroll of blinking {unknown}
Potions
 d - a potion of might
Comestibles
 f - 2 bread rations


   Skills:
 - Level 3.6 Fighting
 * Level 3.0 Long Blades
 - Level 3.6 Armour
 - Level 3.6 Shields


You couldn't memorise any spells.
You didn't know any spells.

Dungeon Overview and Level Annotations

Branches:
Dungeon (4/15)
 Temple: D:4-7

Altars:

Annotations:
D:3 Ijyb


Innate Abilities, Weirdness & Mutations

You reflexively headbutt those who attack you in melee.
You have a pair of horns on your head.


Message History

You miss the howler monkey. Your headbutt misses the howler monkey.
The giant cockroach barely misses you. The howler monkey barely misses you.
You riposte.
You closely miss the howler monkey.
The giant cockroach bites you but does no damage.
You closely miss the howler monkey. You block the howler monkey's attack.
The giant cockroach bites you but does no damage.
The howler monkey hits you but does no damage.
You miss the howler monkey. You headbutt the howler monkey.
The howler monkey is moderately wounded.
You block the giant cockroach's attack. You block the howler monkey's attack.
The giant cockroach bites you but does no damage.
You slash the howler monkey! Your headbutt misses the howler monkey.
The howler monkey is heavily wounded.
You block the howler monkey's attack.
The giant cockroach bites you but does no damage.
The howler monkey closely misses you.
You closely miss the howler monkey. Your headbutt misses the howler monkey.
The howler monkey is heavily wounded.
The giant cockroach bites you but does no damage.
You block the howler monkey's attack. The giant cockroach barely misses you.
You furiously retaliate!
You headbutt the giant cockroach.
You riposte.
You slash the giant cockroach!
You kill the giant cockroach!
Your Long Blades skill increases to level 3!
Your shield prevents you from hitting the howler monkey.
Your headbutt misses the howler monkey.
The howler monkey is heavily wounded.
The howler monkey barely misses you.
The howler monkey hits you but does no damage.
Your shield prevents you from hitting the howler monkey.
The howler monkey is heavily wounded.
You block the howler monkey's attack. The howler monkey hits you.
* * * LOW HITPOINT WARNING * * *
You barely miss the howler monkey.
The howler monkey is heavily wounded.
The howler monkey hoots and howls with incredible vigour!
You barely miss the howler monkey.
The howler monkey is heavily wounded.
You block the howler monkey's attack. The howler monkey hits you.
You die...

.## ... #.###
#....## #.....#
###.....###
#......@h.#
#..............
#....<....#####
####...####
#... #... ####


You could see a howler monkey.

Vanquished Creatures
  A giant cockroach (D:3)
  A goblin (D:4)
  A jackal (D:1)
  A kobold (D:3)
4 creatures vanquished.

Notes
Turn   | Place    | Note
--------------------------------------------------------------
     0 | D:1      | Implojin the Minotaur Fighter began the quest for the Orb.
     0 | D:1      | Reached XP level 1. HP: 19/19 MP: 0/0
    46 | D:3      | Noticed an orc wizard
    47 | D:3      | Noticed an orc wizard
    49 | D:3      | Noticed Ijyb
    49 | D:4      | Noticed a howler monkey
    55 | D:4      | Noticed a howler monkey
    60 | D:4      | Noticed a scorpion
    67 | D:3      | Reached skill level 3 in Long Blades
    71 | D:3      | Slain by a howler monkey

Vault maps used:
D:1:      dpeg_arrival_brainrot, serial_bayou_ford_a,
          minmay_misc_feat_nine_boxes, kennysheep_another_room
D:2:      serial_forest, infiniplex_forest_clump_curved,
          infiniplex_forest_end_2, infiniplex_forest_clump_diagonal,
          infiniplex_forest_clump_large, infiniplex_forest_straight_5,
          infiniplex_forest_clump_small, infiniplex_forest_clump_small,
          infiniplex_forest_clump_small, ecumenical_altar_1,
          grunt_pakellas_basics
D:3:      nicolae_overflow_hidden_temple, uniq_iyjb

Skill      XL: |  1 |
---------------+----+-----
Long Blades    | 3 |  3.0
Fighting       | |  3.6
Armour         | |  3.6
Shields        | |  3.6

Action                   || total
-------------------------++-------
Melee: Long sword        ||    29
       Headbutt          ||     3
Armor: Scale mail        ||    10
Dodge: Dodged            ||    14
Block: Shield            ||    20

Table legend:
 A = Turns spent in this place as a percentage of turns spent in the entire game.
 B = Non-inter-level travel turns spent in this place as a percentage of non-inter-level travel turns spent in the entire game.
 C = Inter-level travel turns spent in this place as a percentage of turns spent in this place.
 D = Turns resting spent in this place as a percentage of non-inter-level travel turns spent in this place.
 E = Turns spent auto-exploring this place as a percentage of non-inter-level travel turns spent in this place.
 F = Non-inter-level travel turns spent in this place divided by the number of levels of this place that you've seen.
                   A       B       C       D       E      F
               +-------+-------+-------+-------+-------+----------------------
         Total | 100.0 | 100.0 |   0.0 |   0.0 |   0.0 |  17.5
       Dungeon | 100.0 | 100.0 |   0.0 |   0.0 |   0.0 |  17.5
               +-------+-------+-------+-------+-------+----------------------

Table legend:
 A = Kills in this place as a percentage of kills in entire the game.
 B = Kills by you in this place as a percentage of kills by you in the entire game.
 C = Kills by friends in this place as a percentage of kills by friends in the entire game.
 D = Other kills in this place as a percentage of other kills in the entire game.
 E = Experience gained in this place as a percentage of experience gained in the entire game.
 F = Experience gained in this place divided by the number of levels of this place that you have seen.
                   A       B       C       D       E      F
               +-------+-------+-------+-------+-------+----------------------
         Total | 100.0 | 100.0 |  -nan |  -nan | 100.0 |   1.8
       Dungeon | 100.0 | 100.0 |  -nan |  -nan | 100.0 |   1.8
               +-------+-------+-------+-------+-------+----------------------
